 Dungeon Sprint DCSS version 0.29.1-4-g47bece8355 (webtiles) character file.

Game seed: 16914109608423861990

1163 boopmooplesden the Cleaver (level 8, -2/85 HPs)
             Began as a Minotaur Berserker on Dec 11, 2022.
             Was an Elder of Trog.
             Slain by an orc warrior
             ... wielding a +0 flail
              (11 damage)
             ... in the Dungeon (Sprint IX: "|||||||||||||||||||||||||||||").
             The game lasted 00:00:46 (244 turns).

boopmooplesden the Cleaver (Minotaur Berserker)      Turns: 244, Time: 00:00:46

Health: -2/85      AC: 14    Str: 24    XL:     8   Next: 17%
Magic:  7/7        EV: 13    Int:  4    God:    Trog [****..]
Gold:   0          SH:  0    Dex: 13    Spells: 7/7 levels left

rFire   . . .      SeeInvis .   k - +1 broad axe (vorpal)
rCold   . . .      Faith    .   (no shield)
rNeg    . . .      Spirit   .   n - +1 chain mail
rPois   .          Reflect  .   (helmet restricted)
rElec   .          Harm     .   m - +0 cloak
rCorr   .          Rampage  .   (no gloves)
Will    .....      NoTele   +   l - +0 pair of boots
Stlth   ..........              (no amulet)
HPRegen 0.24/turn               p - +3 ring of dexterity
MPRegen 0.10/turn               o - +2 ring of evasion

@: on berserk cooldown, slowed, very slow
A: horns 2, retaliatory headbutt
a: Renounce Religion, Berserk, Trog's Hand, Brothers in Arms


You were in the Dungeon.
You worshipped Trog.
Trog was greatly pleased with you.
You visited 1 branch

Inventory:

Hand Weapons
 a - a +0 hand axe
 k - a +1 vorpal broad axe (weapon)
Armour
 b - a +0 animal skin
 l - a +0 pair of boots (worn)
 m - a +0 cloak (worn)
 n - a +1 chain mail (worn)
Jewellery
 o - a +2 ring of evasion (right hand)
 p - a +3 ring of dexterity (left hand)
Wands
 j - a wand of iceblast (10)
Scrolls
 h - 2 scrolls of blinking
Potions
 c - 5 potions of curing
 d - 3 potions of heal wounds
 e - a potion of haste
 f - 4 potions of magic
 g - a potion of berserk rage
 i - a potion of invisibility


   Skills:
 + Level 12.8 Fighting
 + Level 14.7 Axes
 + Level 7.2 Armour
 + Level 6.8 Dodging
 + Level 1.1 Stealth


You had 7 spell levels left.
You didn't know any spells.
Your spell library was empty.

Dungeon Overview and Level Annotations

Branches:
Dungeon (1/1)

Altars:
Cheibriados
Dithmenos
Elyvilon
Fedhas
Gozag
Hepliaklqana
Kikubaaqudgha
Makhleb
Nemelex Xobeh
Okawaru
Qazlal
Ru
Sif Muna
Trog
Uskayaw
Vehumet
Wu Jian
Xom
Yredelemnul
Zin
The Shining One
Jiyva
Lugonu


Innate Abilities, Weirdness & Mutations

You have a pair of horns on your head.
You reflexively headbutt those who attack you in melee.


Message History

You destroy the wraith!
Trog accepts your kill.
Your Fighting skill increases to level 12!
You slash the gargoyle! You headbutt the gargoyle.
The gargoyle is almost destroyed.
You hit the gargoyle.
You destroy the gargoyle!
Trog accepts your kill.
Your Axes skill increases to level 14!
Your Armour skill increases to level 7!
Your Stealth skill increases to level 1!
You have reached level 8!
You feel agile.
You are no longer berserk.
You are exhausted.
You feel as though you will be slow longer.
The wight hits you but does no damage.
You see here a +0 flail.
You slash the wight!
You destroy the wight!
Trog accepts your kill.
The orc warrior hits you with a +0 flail.
You hit the orc warrior.
The orc warrior is moderately wounded.
The orc warrior hits you with a +0 flail!
* * * LOW HITPOINT WARNING * * *
You slash the orc warrior!
The orc warrior is almost dead.
The orc warrior hits you with a +0 flail.
* * * LOW HITPOINT WARNING * * *
You hit the orc warrior.
You punch the orc warrior, but do no damage.
The orc warrior is almost dead.
The orc warrior closely misses you.
You hit the orc warrior but do no damage.
The orc warrior is almost dead.
The orc warrior barely misses you. x2
You barely miss the orc warrior.
The orc warrior is almost dead.
The orc warrior hits you with a +0 flail!
You die... ▓▓▓▓▓▓▓▓▓▓▓▓▓▓▓▓▓▓▓▓▓▓▓ +...co@)......)?.'_____ ▓▓▓▓▓▓▓▓▓▓▓▓▓▓▓▓▓▓▓▓▓▓▓

You could see an orc warrior and a centaur.

Vanquished Creatures
  A two-headed ogre (D)
  A gargoyle (D)
  A wraith (D)
  A necrophage (D)
  A wight (D)
  An orc wizard (D)
  An ufetubus (D)
  A dart slug (D)
  An orc (D)
  A goblin (D)
  A kobold (D)
  A bat (D)
  2 rats (D)
14 creatures vanquished.

Notes
Turn   | Place    | Note
-------+----------+-------------------------------------------
     0 | D        | boopmooplesden the Minotaur Berserker began the quest for
                  | the Orb.
     0 | D        | Reached XP level 1. HP: 19/19 MP: 0/0
     9 | D        | Reached skill level 4 in Axes
     9 | D        | Reached ** piety under Trog
    47 | D        | Noticed an orc wizard
    47 | D        | Noticed a necrophage
    50 | D        | Reached XP level 2. HP: 28/28 MP: 1/1
    50 | D        | Reached *** piety under Trog
    51 | D        | Reached skill level 5 in Axes
    54 | D        | Killed a necrophage
    55 | D        | Reached skill level 7 in Axes
    55 | D        | Reached XP level 3. HP: 38/38 MP: 2/2
    55 | D        | Reached XP level 4. HP: 45/45 MP: 3/3
    62 | D        | Reached **** piety under Trog
   155 | D        | Found a snail-covered altar of Cheibriados.
   155 | D        | Found a shadowy altar of Dithmenos.
   155 | D        | Found a white marble altar of Elyvilon.
   155 | D        | Found a blossoming altar of Fedhas.
   155 | D        | Found an opulent altar of Gozag.
   156 | D        | Found a hazy altar of Hepliaklqana.
   157 | D        | Found a viscous altar of Jiyva.
   158 | D        | Found an ancient bone altar of Kikubaaqudgha.
   159 | D        | Found a corrupted altar of Lugonu.
   160 | D        | Found a burning altar of Makhleb.
   161 | D        | Found a sparkling altar of Nemelex Xobeh.
   162 | D        | Found an iron altar of Okawaru.
   163 | D        | Found a stormy altar of Qazlal.
   164 | D        | Found a sacrificial altar of Ru.
   165 | D        | Found a shimmering blue altar of Sif Muna.
   166 | D        | Found a bloodstained altar of Trog.
   167 | D        | Found a hide-covered altar of Uskayaw.
   168 | D        | Found a radiant altar of Vehumet.
   169 | D        | Found an ornate altar of the Wu Jian Council.
   170 | D        | Found a shimmering altar of Xom.
   171 | D        | Found a basalt altar of Yredelemnul.
   172 | D        | Found a glowing silver altar of Zin.
   173 | D        | Found a glowing golden altar of the Shining One.
   224 | D        | Noticed a centaur
   224 | D        | Noticed an orc warrior
   224 | D        | Noticed a gargoyle
   224 | D        | Noticed a wraith
   224 | D        | Noticed a two-headed ogre
   227 | D        | Killed a two-headed ogre
   228 | D        | Reached skill level 13 in Axes
   228 | D        | Reached XP level 5. HP: 39/61 MP: 4/4
   228 | D        | Reached XP level 6. HP: 44/68 MP: 5/5
   228 | D        | Reached XP level 7. HP: 48/74 MP: 6/6
   235 | D        | Killed a wraith
   237 | D        | Killed a gargoyle
   238 | D        | Reached skill level 14 in Axes
   238 | D        | Reached skill level 1 in Stealth
   238 | D        | Reached XP level 8. HP: 45/85 MP: 7/7
   244 | D        | Slain by an orc warrior

Illustrated notes

Levels and vault maps discovered:
D:        linesprint [early_d, line_temple, items_1, d_10, items_2, lair_1,
          lair_end, items_3, orc_1, orc_end, items_4, d_15, swamp_1, shoals_1,
          snake_1, spider_1, d_20, vaults_1, items_5, swamp_end, shoals_end,
          snake_end, spider_end, vaults_end, d_27, items_6, zot_1, zot_end,
          crypt_end, forest_end, elf_end, slime_end, tomb_end, abyss_end,
          pan_hell_end]

Skill      XL: |  1  2  3  4  5  6  7 |
---------------+----------------------+-----
Fighting       | 4 6 11 12 | 12.8
Axes           | 4 7 13 14 | 14.7
Armour         | 3 6 7 |  7.2
Dodging        | 3 6 |  6.8
Stealth        | 1 |  1.1

Action                   |  1- 3 |  4- 6 |  7- 9 || total
-------------------------+-------+-------+-------++-------
Melee: Hand axe          |    12 |     6 |       ||    18
       Headbutt          |     1 |     3 |     3 ||     7
       Broad axe         |       |     2 |    15 ||    17
       Punch             |       |       |     1 ||     1
Invok: Berserk           |     1 |     1 |       ||     2
Armor: Animal skin       |     1 |       |       ||     1
       Chain mail        |       |       |     4 ||     4
Dodge: Dodged            |     8 |     1 |     4 ||    13
